[Event "Titled Tuesday Blitz July 11 Late 2023"]
[White "Garcia Ramos, Daniel"]
[Black "Vujacic, Igor"]
[WhiteFideId "32010311"]
[BlackFideId "932620"]
[WhiteElo "2612"]
[BlackElo "2213"]
[Result "1-0"]
[Round "5"]
[TimeControl "180+2"]
[Date "2023.07.11"]
[WhiteClock "0:00:05"]
[BlackClock "0:00:04"]
[Board "63"]

1. e4 c5 2. Nf3 Nc6 3. d4 cxd4 4. Nxd4 g6 5. c4 Nf6 6. Nc3 d6 7. f3 Bg7 8. Be3 O-O 9. Qd2 Nxd4 10. Bxd4 Be6 11. Be2 Qa5 12. O-O Rfc8 13. b3 a6 14. Qe3 Nd7 15. Bxg7 Kxg7 16. f4 Qc5 17. Nd1 b5 18. f5 gxf5 19. exf5 Bxf5 20. Kh1 Qxe3 21. Nxe3 Be4 22. cxb5 axb5 23. Bxb5 Ne5 24. Kg1 Rc3 25. Rfe1 f5 26. Bf1 d5 27. Nxd5 Bxd5 28. Rxe5 Bxb3 29. Rxe7+ Kg6 30. Re2 Bc4 31. Rd2 Bxf1 32. Kxf1 Rca3 33. Kf2 Kg5 34. Ke2 h5 35. Kd1 h4 36. Kc1 R3a5 37. Rc2 Kg4 38. Rc4+ Kg5 39. a4 Rd8 40. Ra2 Rad5 41. a5 Rd1+ 42. Kb2 R8d2+ 43. Rc2 Rd4 44. a6 Rb4+ 45. Kc3 Rb8 46. a7 Ra8 47. Ra4 Rd7 48. Rca2 Rc7+ 49. Kd3 Rd8+ 50. Ke2 Re7+ 51. Kf2 Ra8 52. Kf3 Rd7 53. R2a3 Re7 54. Ra5 Rf7 55. g3 hxg3 56. hxg3 Kg6 57. Kf4 Re7 58. Ra6+ Kf7 59. Kxf5 Rb7 60. g4 Rb5+ 61. Kf4 Rb4+ 62. Kg3 Rb7 63. R6a5 Kg7 64. Ra6 Kf7 65. g5 Kg7 66. R3a4 Rc7 67. Kg4 Rb7 68. Kf5 Rc7 69. R4a5 Rb7 70. Rg6+ Kh7 71. Rga6 Kg7 72. Ra4 Rc7 73. Rg6+ Kh7 74. Rh4# 1-0


[Site "https://www.chess.com"]

[Event "Titled Tuesday Blitz July 11 Late 2023"]
[White "Krzyzanowski, Marcin"]
[Black "Cooper, Aaron"]
[WhiteFideId "1132199"]
[BlackFideId "2634945"]
[WhiteElo "2780"]
[BlackElo "2250"]
[Result "1-0"]
[Round "5"]
[TimeControl "180+2"]
[Date "2023.07.11"]
[WhiteClock "0:00:15"]
[BlackClock "0:00:02"]
[Board "64"]

1. e4 c5 2. Nf3 d6 3. d4 cxd4 4. Nxd4 Nf6 5. Nc3 g6 6. Nb3 Nc6 7. Be2 Bg7 8. O-O O-O 9. Re1 Be6 10. Bf1 Rc8 11. Nd5 Re8 12. c3 Na5 13. Bb5 Nxb3 14. axb3 a6 15. Nxf6+ Bxf6 16. Bxe8 Qxe8 17. Be3 Qc6 18. Bd4 Bg5 19. b4 Bc4 20. Qf3 Bh6 21. h4 e5 22. Be3 Bg7 23. Rad1 h5 24. Rd2 Bb3 25. Bg5 Re8 26. Qe3 d5 27. exd5 Bxd5 28. Qg3 b6 29. Red1 Be6 30. Rd6 Qc7 31. Qe3 Rb8 32. Rd8+ Rxd8 33. Bxd8 Qc4 34. Bxb6 Qg4 35. Rd8+ Kh7 36. Bc5 Qxh4 37. Rd1 Bg4 38. f3 Be6 39. Qe4 Qf6 40. Be3 Bf5 41. Qc4 Be6 42. Qxa6 h4 43. Qe2 h3 44. g4 Qh4 45. Qf2 Qf6 46. Qg3 e4 47. Qxh3+ Kg8 48. f4 Qe7 49. Qg3 f5 50. gxf5 Qf7 51. fxe6 Qxe6 52. Rd8+ Kf7 53. Rd1 Bf6 54. f5 Be7 55. fxe6+ 1-0


[Site "https://www.chess.com"]

[Event "Titled Tuesday Blitz July 11 Late 2023"]
[White "Liu, Casper"]
[Black "Morefield, Jason"]
[WhiteFideId "1454153"]
[BlackFideId "30920825"]
[WhiteElo "2495"]
[BlackElo "2777"]
[Result "0-1"]
[Round "5"]
[TimeControl "180+2"]
[Date "2023.07.11"]
[WhiteClock "0:00:07"]
[BlackClock "0:00:40"]
[Board "65"]

1. d4 a6 2. Nf3 Nf6 3. Bf4 e6 4. e3 c5 5. Nbd2 Nc6 6. c3 b5 7. Bd3 Bb7 8. O-O Rc8 9. Re1 Be7 10. e4 cxd4 11. cxd4 Nb4 12. Bb1 d5 13. e5 Ne4 14. a3 Nxd2 15. Qxd2 Nc6 16. Bd3 Na5 17. Qe2 Qb6 18. b4 Nc4 19. Red1 a5 20. Bg5 Bxg5 21. Nxg5 h6 22. Qh5 Rc7 23. bxa5 Nxa5 24. Rac1 Nc4 25. a4 bxa4 26. Rb1 Nb2 27. Rxb2 Qxb2 28. Nxe6 Rc1 29. Nxg7+ Kf8 30. Nf5 Qd2 31. Be2 Rxd1+ 32. Bxd1 Qe1# 0-1


[Site "https://www.chess.com"]

[Event "Titled Tuesday Blitz July 11 Late 2023"]
[White "Mei, Austin"]
[Black "Khanin, Semen"]
[WhiteFideId "30948479"]
[BlackFideId "4111990"]
[WhiteElo "2490"]
[BlackElo "2756"]
[Result "1/2-1/2"]
[Round "5"]
[TimeControl "180+2"]
[Date "2023.07.11"]
[WhiteClock "0:00:21"]
[BlackClock "0:01:14"]
[Board "66"]

1. e4 e5 2. Nf3 Nc6 3. Bc4 Nf6 4. Ng5 d5 5. exd5 Na5 6. d3 h6 7. Nf3 e4 8. Qe2 Nxc4 9. dxc4 Bd6 10. Nd4 O-O 11. h3 Re8 12. Be3 a6 13. Nc3 b5 14. cxb5 axb5 15. Ndxb5 Ba6 16. a4 Be5 17. Rd1 Qe7 18. Qc4 Rad8 19. Qc6 Bc8 20. Bc5 Bxc3+ 21. Nxc3 Qe5 22. Bd4 Qg5 23. Bxf6 gxf6 24. Ne2 Kh7 25. Qxc7 e3 26. Qxf7+ Kh8 27. f4 Qxg2 28. Qxf6+ Kh7 29. Qf7+ Kh8 30. Qf6+ Kh7 31. Qf7+ Kh8 32. Qf6+ 1/2-1/2


[Site "https://www.chess.com"]

[Event "Titled Tuesday Blitz July 11 Late 2023"]
[White "Rozman, Levy"]
[Black "Novikov, Evgenij"]
[WhiteFideId "2039877"]
[BlackFideId "4125380"]
[WhiteElo "2749"]
[BlackElo "2488"]
[Result "1-0"]
[Round "5"]
[TimeControl "180+2"]
[Date "2023.07.11"]
[WhiteClock "0:00:31"]
[BlackClock "0:00:03"]
[Board "67"]

1. e4 c6 2. d4 d6 3. f3 Nd7 4. c4 h6 5. Nc3 g5 6. Be3 Bg7 7. Nge2 Nf8 8. Qd2 Ng6 9. O-O-O a6 10. f4 b5 11. f5 Nf8 12. h4 bxc4 13. hxg5 hxg5 14. Rxh8 Bxh8 15. Bxg5 d5 16. g4 Qa5 17. Bg2 dxe4 18. Bxe4 Bd7 19. d5 cxd5 20. Bxd5 Rb8 21. Bxc4 Nf6 22. Qf4 Rc8 23. Bb3 Qc7 24. Qd4 Bg7 25. Kb1 Bc6 26. Qc4 Be4+ 27. Nxe4 Qxc4 28. Nxf6+ Bxf6 29. Bxc4 Bxg5 30. Bxa6 Rb8 31. a4 f6 32. Bb5+ Kf7 33. Nd4 Bf4 34. Nc6 Rb7 35. Nd8+ 1-0


[Site "https://www.chess.com"]

[Event "Titled Tuesday Blitz July 11 Late 2023"]
[White "Fantastic_Power"]
[Black "Ladan, Nicholas"]
[BlackFideId "30918855"]
[WhiteElo "2735"]
[BlackElo "2487"]
[Result "1-0"]
[Round "5"]
[TimeControl "180+2"]
[Date "2023.07.11"]
[WhiteClock "0:00:26"]
[BlackClock "0:00:04"]
[Board "68"]

1. e4 e5 2. Nf3 Nc6 3. Bb5 a6 4. Ba4 Bc5 5. O-O Nge7 6. c3 Ba7 7. d4 Ng6 8. Bg5 f6 9. Be3 d6 10. Bb3 Na5 11. Bc2 O-O 12. Nbd2 exd4 13. cxd4 f5 14. exf5 Bxf5 15. Ng5 Bxc2 16. Qxc2 Nc6 17. Ne6 Qe7 18. Nxf8 Rxf8 19. Qb3+ Kh8 20. Qxb7 Qd7 21. Rac1 Nxd4 22. Qxa7 Ne2+ 23. Kh1 Nxc1 24. Rxc1 Qg4 25. Qxa6 Nh4 26. Qf1 Nf5 27. Qd3 Nh4 28. Rg1 h6 29. Qe4 Qh5 30. Nf3 Nxf3 31. gxf3 d5 32. Qg4 Qf7 33. Bd4 Qxf3+ 34. Qxf3 Rxf3 35. Rxg7 Rf8 36. Rxc7+ Kg8 37. Rg7+ Kh8 38. Rf7+ Kg8 39. Rxf8+ Kh7 40. a4 h5 41. Rf6 h4 42. a5 h3 43. a6 Kg7 44. a7 Kh7 45. a8=Q Kg7 46. Qf8+ Kh7 47. Rh6# 1-0


[Site "https://www.chess.com"]

[Event "Titled Tuesday Blitz July 11 Late 2023"]
[White "Yurasova, Daria"]
[Black "Nasuta, Grzegorz"]
[WhiteFideId "34146919"]
[BlackFideId "1141686"]
[WhiteElo "2479"]
[BlackElo "2730"]
[Result "1-0"]
[Round "5"]
[TimeControl "180+2"]
[Date "2023.07.11"]
[WhiteClock "0:00:54"]
[BlackClock "0:00:00"]
[Board "69"]

1. d4 d5 2. Nf3 Nf6 3. Bf4 c5 4. e3 Nc6 5. Nbd2 Nh5 6. Bg3 Nxg3 7. hxg3 e6 8. c3 Be7 9. Bd3 g6 10. O-O h5 11. Re1 O-O 12. Rc1 b6 13. Bb1 Bb7 14. Qe2 Bf6 15. Rcd1 Re8 16. e4 cxd4 17. exd5 Qxd5 18. Be4 Qxa2 19. Qb5 dxc3 20. bxc3 Bxc3 21. Bxc6 Bxc6 22. Qxc6 Rac8 23. Qb7 Rb8 24. Qe4 Red8 25. Qf4 b5 26. Ng5 Rb7 27. Nge4 Bg7 28. Nf3 Rbd7 29. Rxd7 Rxd7 30. Rc1 Rd8 31. Nfg5 e5 32. Qf3 b4 33. Rc7 Rf8 34. Rb7 1-0


[Site "https://www.chess.com"]

[Event "Titled Tuesday Blitz July 11 Late 2023"]
[White "Karas, Marek"]
[Black "caropawn10"]
[WhiteFideId "14928558"]
[WhiteElo "2474"]
[BlackElo "2700"]
[Result "0-1"]
[Round "5"]
[TimeControl "180+2"]
[Date "2023.07.11"]
[WhiteClock "0:00:19"]
[BlackClock "0:00:49"]
[Board "70"]

1. h4 d5 2. d4 Nf6 3. Bf4 Bf5 4. e3 c5 5. c3 Nc6 6. Nf3 Qb6 7. Qb3 c4 8. Qxb6 axb6 9. Na3 e6 10. Nb5 Kd7 11. Be2 h6 12. O-O Ne4 13. b3 cxb3 14. axb3 Be7 15. c4 g5 16. hxg5 hxg5 17. Ne5+ Nxe5 18. Bxe5 f6 19. Bh2 Nd2 20. Rxa8 Rxa8 21. Rd1 Nxb3 22. cxd5 exd5 23. Nc7 Ra2 24. Bf3 Bc2 25. Rf1 Nd2 26. Re1 Nxf3+ 27. gxf3 Bb4 28. Rf1 Bd3 29. Rc1 Bd2 30. Rd1 Be2 31. Rb1 Bxf3 32. Bg3 Be4 33. Rd1 Rb2 34. Kh2 b5 35. Ra1 Bxe3 36. Ra7 Bxf2 37. Rxb7 Bxd4+ 38. Kh3 Bf5# 0-1


[Site "https://www.chess.com"]

[Event "Titled Tuesday Blitz July 11 Late 2023"]
[White "Luong Phuong Hanh"]
[Black "2KRK1"]
[WhiteFideId "12401013"]
[WhiteElo "2472"]
[BlackElo "2678"]
[Result "0-1"]
[Round "5"]
[TimeControl "180+2"]
[Date "2023.07.11"]
[WhiteClock "0:00:04"]
[BlackClock "0:00:05"]
[Board "71"]

1. d4 d6 2. Nf3 Nf6 3. g3 g6 4. Bg2 Bg7 5. O-O O-O 6. a4 a5 7. Re1 Bf5 8. c3 d5 9. Nbd2 c6 10. Nh4 Be6 11. Qb3 Qc7 12. Ndf3 Ne4 13. Ng5 Nxg5 14. Bxg5 h6 15. Bf4 Qc8 16. Nf3 Nd7 17. Qc2 Bf5 18. Qd2 g5 19. Be3 f6 20. h4 Nb6 21. b3 Be4 22. hxg5 hxg5 23. Nh2 Bxg2 24. Kxg2 Qf5 25. Rh1 Nc8 26. f3 Nd6 27. Ng4 Qg6 28. Qd3 Qxd3 29. exd3 Nf5 30. Bd2 Kf7 31. Rae1 Rh8 32. Nf2 Rxh1 33. Rxh1 Rb8 34. Ra1 e6 35. Ng4 b5 36. axb5 Rxb5 37. b4 axb4 38. Ra7+ Kg6 39. cxb4 Nxd4 40. Re7 e5 41. Bc3 Ne2 42. Bd2 Nd4 43. Bc3 Nc2 44. Re6 d4 45. Bd2 Kf7 46. Rd6 Nxb4 47. Bxb4 Rxb4 48. Rxc6 Rb2+ 49. Nf2 Bf8 50. g4 Bb4 51. Kg3 Be1 52. Rc7+ Kg6 53. Kh3 Bxf2 54. f4 gxf4 55. Rg7+ Kxg7 56. g5 Bg3 57. Kg4 fxg5 58. Kf5 Rc2 59. Ke4 Rc3 60. Kf3 Rxd3+ 61. Kg4 Re3 62. Kf5 d3 0-1


[Site "https://www.chess.com"]

[Event "Titled Tuesday Blitz July 11 Late 2023"]
[White "Alboredo, Julia"]
[Black "Schnaider, Ilan"]
[WhiteFideId "2124807"]
[BlackFideId "169013"]
[WhiteElo "2472"]
[BlackElo "2657"]
[Result "1-0"]
[Round "5"]
[TimeControl "180+2"]
[Date "2023.07.11"]
[WhiteClock "0:00:08"]
[BlackClock "0:00:00"]
[Board "72"]

1. e4 c5 2. Nf3 d6 3. Nc3 Nf6 4. e5 dxe5 5. Nxe5 a6 6. g3 Nbd7 7. d4 e6 8. Be3 cxd4 9. Bxd4 Nxe5 10. Bxe5 Qa5 11. Qe2 Nd5 12. Bg2 Nxc3 13. Bxc3 Bb4 14. Bxb4 Qxb4+ 15. c3 Qe7 16. O-O O-O 17. Rfd1 Rb8 18. a4 b5 19. Rd2 Bb7 20. axb5 Bxg2 21. Kxg2 axb5 22. Rad1 b4 23. Rd7 Qc5 24. Qf3 h6 25. R1d4 bxc3 26. bxc3 Rb1 27. Rf4 f5 28. Rfd4 Qe5 29. Qe3 Qf6 30. Rc4 Rf7 31. Rxf7 Qxf7 32. Rc8+ Kh7 33. Qf3 e5 34. Qa8 e4 35. Rh8+ Kg6 36. Qc6+ Qf6 37. Qxf6+ Kxf6 38. Rc8 Rb2 39. Kf1 Rc2 40. h4 Kg6 41. Rc6+ Kh5 42. Rc7 Kg4 43. Rf7 g6 44. Rf6 Kf3 45. Ke1 Rxf2 46. Rxg6 Rc2 47. Rf6 Kg4 48. Rxh6 Rxc3 49. Rg6+ Kf3 50. Rg5 Ke3 51. Kd1 Rd3+ 52. Ke1 Ra3 53. Kf1 Ra1+ 54. Kg2 Ra2+ 55. Kh3 Rf2 56. h5 Rf3 57. Kg2 Rf2+ 58. Kg1 Ke2 59. h6 Rf1+ 60. Kg2 Ra1 61. h7 Ra8 62. Rg8 Ra2 63. h8=Q Ke3+ 64. Kh3 f4 65. Qc3+ Kf2 66. gxf4 e3 67. Rg2+ Kf3 68. Qxe3+ Kxe3 69. Rxa2 Kxf4 70. Rg2 Ke5 71. Rg4 1-0


[Site "https://www.chess.com"]

[Event "Titled Tuesday Blitz July 11 Late 2023"]
[White "Mikhailov, Viacheslav"]
[Black "Estrada Nieto, Julian"]
[WhiteFideId "4187369"]
[BlackFideId "5101018"]
[WhiteElo "2654"]
[BlackElo "2469"]
[Result "1-0"]
[Round "5"]
[TimeControl "180+2"]
[Date "2023.07.11"]
[WhiteClock "0:00:25"]
[BlackClock "0:00:00"]
[Board "73"]

1. Nf3 d5 2. g3 Nf6 3. Bg2 c6 4. O-O Bg4 5. d4 Nbd7 6. c4 e6 7. Nc3 Be7 8. Qb3 Qb6 9. c5 Qa6 10. Re1 b6 11. cxb6 axb6 12. e4 O-O 13. Ne5 Nxe5 14. dxe5 Nd7 15. exd5 cxd5 16. Bf1 Qa5 17. Bd2 Nc5 18. Qb5 Qxb5 19. Nxb5 Bf5 20. Bb4 Rfc8 21. Rec1 Kf8 22. Nd6 Bxd6 23. exd6 f6 24. Bb5 e5 25. a4 Kf7 26. Bxc5 bxc5 27. a5 Ra7 28. b4 c4 29. a6 Ke6 30. d7 Rd8 31. Bc6 Kd6 32. b5 Bxd7 33. Bxd7 Rdxd7 34. b6 Kc5 35. bxa7 Rxa7 36. Ra5+ Kb4 37. Rxd5 Rxa6 38. Rd7 c3 39. Rb7+ Kc5 40. Rxc3+ Kd6 41. Rxg7 1-0


[Site "https://www.chess.com"]

[Event "Titled Tuesday Blitz July 11 Late 2023"]
[White "Omelja, Artem"]
[Black "Rubio Tent, Francisco"]
[WhiteFideId "14119846"]
[BlackFideId "2238233"]
[WhiteElo "2643"]
[BlackElo "2463"]
[Result "1-0"]
[Round "5"]
[TimeControl "180+2"]
[Date "2023.07.11"]
[WhiteClock "0:00:04"]
[BlackClock "0:00:00"]
[Board "74"]

1. d4 d5 2. c4 c6 3. Nc3 Nf6 4. e3 a6 5. Nf3 b5 6. c5 g6 7. Be2 Bg7 8. O-O O-O 9. b4 a5 10. Qb3 axb4 11. Qxb4 Bg4 12. a4 Nfd7 13. Bd2 bxa4 14. Rxa4 Rxa4 15. Nxa4 e5 16. h3 Bxf3 17. Bxf3 exd4 18. exd4 Na6 19. Qb7 Qc8 20. Qxc8 Rxc8 21. Be3 Nc7 22. Nb6 Rd8 23. Ra1 Nf8 24. Be2 Nfe6 25. Ra4 f5 26. g3 g5 27. f4 gxf4 28. gxf4 Bh6 29. Ra7 Bxf4 30. Bxf4 Nxf4 31. Rxc7 Nxe2+ 32. Kf2 Nxd4 33. Ke3 Nc2+ 34. Kd2 Nb4 35. Kc3 d4+ 36. Kb3 d3 37. Nc4 Nc2 38. Kc3 Ne1 39. Rxc6 Nf3 40. Rd6 Rxd6 41. cxd6 Kf7 42. Kxd3 Ke6 43. Ke3 Ng5 44. h4 Nf7 45. Kf4 1-0


[Site "https://www.chess.com"]

[Event "Titled Tuesday Blitz July 11 Late 2023"]
[White "Grebeniuk, Semen"]
[Black "Mujumdar, Sameer"]
[WhiteFideId "14117509"]
[BlackFideId "2029707"]
[WhiteElo "2617"]
[BlackElo "2459"]
[Result "1-0"]
[Round "5"]
[TimeControl "180+2"]
[Date "2023.07.11"]
[WhiteClock "0:00:17"]
[BlackClock "0:00:04"]
[Board "75"]

1. d4 d5 2. Nf3 Nf6 3. Bg5 Ne4 4. Bh4 c5 5. Nbd2 Nc6 6. e3 Bg4 7. c3 Qb6 8. Qb3 Bxf3 9. gxf3 Nxd2 10. Kxd2 cxd4 11. exd4 Qc7 12. Bg3 Qd7 13. h4 e6 14. h5 Bd6 15. Bd3 Bxg3 16. fxg3 O-O 17. h6 g6 18. Rae1 a6 19. f4 b5 20. Ke2 Na5 21. Qc2 Rac8 22. Kf2 b4 23. Bxa6 Rc7 24. Qe2 bxc3 25. Qe5 f6 26. Qxe6+ Qxe6 27. Rxe6 cxb2 28. Bd3 Rb8 29. Rb1 Nc4 30. Re2 Rcb7 31. Bxc4 dxc4 32. Rc2 Rb4 33. Ke3 Kf7 34. Kd2 Ke6 35. Kc3 Kd5 36. Rcxb2 Rxb2 37. Rxb2 Ra8 38. Rb5+ Ke4 39. Rb2 Ra3+ 40. Kxc4 Rxg3 41. d5 Rg1 42. Re2+ Kxf4 43. Rd2 Rc1+ 44. Kb5 Ke5 45. d6 Rc8 46. d7 Rd8 47. Kc6 Ke6 48. Kc7 Rxd7+ 49. Rxd7 1-0


[Site "https://www.chess.com"]

[Event "Titled Tuesday Blitz July 11 Late 2023"]
[White "profedechess93"]
[Black "SergioMoralesG"]
[WhiteElo "2610"]
[BlackElo "2457"]
[Result "0-1"]
[Round "5"]
[TimeControl "180+2"]
[Date "2023.07.11"]
[WhiteClock "0:00:13"]
[BlackClock "0:00:08"]
[Board "76"]

1. e4 c5 2. Nf3 e6 3. d4 cxd4 4. Nxd4 Nc6 5. Nc3 Qc7 6. Ndb5 Qb8 7. Be3 a6 8. Bb6 axb5 9. Nxb5 Bb4+ 10. c3 Ba5 11. Nc7+ Qxc7 12. Bxc7 Bxc7 13. Qg4 g6 14. Bb5 Nf6 15. Qf3 Ke7 16. a4 d5 17. exd5 Nxd5 18. O-O Bd7 19. Rfe1 Ne5 20. Rxe5 Bxe5 21. Bxd7 Kxd7 22. c4 Nc7 23. Qxf7+ Kc6 24. Qf3+ Kd7 25. Qxb7 Rhb8 26. Rd1+ Ke7 27. Qc6 Rd8 28. Qc5+ Kf6 29. Re1 Bd6 30. Qd4+ e5 31. Qe3 Ne6 32. h4 Nd4 33. Qh6 Rd7 34. h5 Nf5 35. Qc1 g5 36. b3 Bc5 37. Qb2 Bd4 38. Qc2 Rad8 39. Kh2 Bc5 40. Qe4 Bd4 41. g4 Nd6 42. Qd5 Kg7 43. Re2 Nf7 44. Qe4 Bc5 45. Qf5 Rd2 46. Kg2 Rxe2 47. h6+ Kg8 48. Qf6 Rxf2+ 49. Qxf2 Bxf2 50. b4 Rb8 51. c5 Rxb4 52. c6 Rc4 0-1


[Site "https://www.chess.com"]

[Event "Titled Tuesday Blitz July 11 Late 2023"]
[White "Veiga, Jose Francisco R P Neves"]
[Black "whiteglovethief"]
[WhiteFideId "1930087"]
[WhiteElo "2606"]
[BlackElo "2456"]
[Result "1-0"]
[Round "5"]
[TimeControl "180+2"]
[Date "2023.07.11"]
[WhiteClock "0:00:20"]
[BlackClock "0:00:13"]
[Board "77"]

1. e4 d5 2. exd5 Qxd5 3. c3 e5 4. d3 Nc6 5. Nf3 Bg4 6. Be2 O-O-O 7. Nbd2 Nf6 8. Qa4 Bc5 9. O-O Rhe8 10. Ne4 Bxf3 11. Bxf3 Nxe4 12. Bxe4 Qd6 13. b4 Bb6 14. Be3 g6 15. Bxb6 cxb6 16. Bxc6 Qxc6 17. b5 Qc7 18. Qxa7 Rxd3 19. c4 Red8 20. h3 Qc5 21. a4 Rc3 22. a5 Qxc4 23. axb6 Qd5 24. Rfc1 Rxc1+ 25. Rxc1+ Kd7 26. Rc7+ Ke6 27. Rxb7 Kf6 28. Rc7 Qd1+ 29. Kh2 Qd5 30. b7 Qxb5 31. Rxf7+ Kg5 32. b8=Q Qxb8 33. Qe3+ Kh5 34. Rxh7# 1-0


[Site "https://www.chess.com"]

[Event "Titled Tuesday Blitz July 11 Late 2023"]
[White "Nunez V, Gustavo Eduardo"]
[Black "Piesik, Piotr"]
[WhiteFideId "4403690"]
[BlackFideId "1136194"]
[WhiteElo "2447"]
[BlackElo "2599"]
[Result "0-1"]
[Round "5"]
[TimeControl "180+2"]
[Date "2023.07.11"]
[WhiteClock "0:01:12"]
[BlackClock "0:01:29"]
[Board "78"]

1. e4 g6 2. g3 Bg7 3. Bg2 c5 4. Nc3 Nc6 5. d3 e6 6. Be3 d6 7. Qd2 Nge7 8. Nge2 Nd4 9. O-O O-O 10. a3 Rb8 11. Rab1 b5 12. b4 a6 13. f4 Bb7 14. h3 Qc7 15. g4 f5 16. Ng3 Rbc8 17. bxc5 Qxc5 18. Nce2 Qxc2 19. Qxc2 Nxc2 20. Bc1 Nd4 21. exf5 Bxg2 22. Kxg2 gxf5 23. Be3 Nxe2 24. Nxe2 Rc2 25. Kf3 Nd5 26. Rfc1 Rfc8 27. gxf5 exf5 28. Rxc2 Rxc2 29. a4 Rxe2 30. Kxe2 Nc3+ 31. Kf3 Nxb1 32. axb5 axb5 33. d4 Nc3 34. Bd2 Nd5 35. Ke2 Bxd4 36. Kd3 Bc5 37. Ba5 Kf7 38. Bd8 Nxf4+ 39. Kd2 Nxh3 40. Ke2 Ke6 41. Kf3 h6 42. Bh4 Ng5+ 43. Kf4 Kf6 44. Bf2 Ne6+ 45. Kf3 Bxf2 46. Kxf2 b4 47. Kf3 b3 48. Ke3 b2 49. Kd3 b1=Q+ 50. Kc4 Qe4+ 51. Kb5 Qd5+ 52. Kb6 Qc5+ 53. Kb7 Qb5+ 54. Ka8 Nc5 55. Ka7 Qb7# 0-1


[Site "https://www.chess.com"]

[Event "Titled Tuesday Blitz July 11 Late 2023"]
[White "Jimenez Ruano, Adrian"]
[Black "Ganiev, Roman"]
[WhiteFideId "22276050"]
[BlackFideId "4131452"]
[WhiteElo "2445"]
[BlackElo "2597"]
[Result "0-1"]
[Round "5"]
[TimeControl "180+2"]
[Date "2023.07.11"]
[WhiteClock "0:00:00"]
[BlackClock "0:00:47"]
[Board "79"]

1. Nf3 Nf6 2. c4 e6 3. b3 b6 4. Bb2 Bb7 5. Nc3 Be7 6. e3 O-O 7. Be2 d6 8. O-O Nbd7 9. Qc2 d5 10. cxd5 Nxd5 11. Rac1 Rc8 12. Nxd5 exd5 13. d3 c5 14. e4 Bf6 15. Bxf6 Qxf6 16. Rfe1 Rfe8 17. Bf1 Ne5 18. Nxe5 Qxe5 19. Qd2 Qd4 20. Qf4 dxe4 21. dxe4 Rxe4 22. Qf5 Rce8 23. Rxe4 Qxe4 24. Qd7 Qc6 25. Qg4 Qe6 26. Qg3 h6 27. h3 Qe5 28. Qg4 Qg5 29. Qd7 Qe7 30. Qg4 Rd8 31. Qf4 Qg5 32. Qc7 Qd2 33. Rc4 Ba6 34. Rc1 Bxf1 35. Rxf1 Qd7 36. Qf4 Qd5 37. Qh4 Rd6 38. Re1 Rg6 39. f3 Qxf3 40. Qd8+ Kh7 41. Qd2 Qf6 42. Re3 Qc6 43. Qf2 b5 44. Re2 Rf6 45. Qe3 c4 46. bxc4 Qxc4 47. h4 Re6 0-1


[Site "https://www.chess.com"]

[Event "Titled Tuesday Blitz July 11 Late 2023"]
[White "Zavgorodniy, Sergiy"]
[Black "Rios Escobar, Adan"]
[WhiteFideId "14110148"]
[BlackFideId "3403645"]
[WhiteElo "2586"]
[BlackElo "2443"]
[Result "1-0"]
[Round "5"]
[TimeControl "180+2"]
[Date "2023.07.11"]
[WhiteClock "0:00:09"]
[BlackClock "0:00:02"]
[Board "80"]

1. d4 Nf6 2. c4 g6 3. Nc3 d5 4. cxd5 Nxd5 5. e4 Nxc3 6. bxc3 Bg7 7. Nf3 c5 8. Be3 Qa5 9. Qd2 Nc6 10. Rc1 cxd4 11. cxd4 Qxd2+ 12. Kxd2 e6 13. Bb5 O-O 14. Rhd1 Bd7 15. d5 exd5 16. exd5 Ne5 17. Bxd7 Nxd7 18. Rc7 Nb6 19. Bxb6 axb6 20. Rxb7 Rxa2+ 21. Ke3 Bh6+ 22. Kd4 Rxf2 23. d6 Rxg2 24. Kd5 Rf2 25. Nd4 Rxh2 26. d7 Rh5+ 27. Kc6 Bg5 28. Rc7 Bd8 29. Rc8 Rc5+ 30. Kb7 Rd5 31. Kc6 Rc5+ 32. Kb7 b5 33. Rxc5 b4 34. Nc6 Bf6 35. Rf1 Bh4 36. Rf4 Bg3 37. Rg4 Bf2 38. d8=Q Rxd8 39. Nxd8 Bxc5 40. Kc6 Be7 41. Nb7 b3 42. Rg1 h5 43. Na5 b2 44. Nc4 Bf6 45. Kd5 h4 46. Ke4 Kg7 47. Kf3 Kh6 48. Rb1 Kh5 49. Nxb2 g5 50. Nd3 Be7 51. Rb5 Kg6 52. Kg4 f6 53. Nf2 Bd8 54. Rd5 Bc7 55. Rf5 Bb6 56. Ne4 Bd4 57. Nd6 Be5 58. Nc4 Bd4 59. Nd6 Bc3 60. Ne4 Bd4 61. Rf1 Bb2 62. Rf3 Bd4 63. Nd6 Be5 64. Nf5 Bb2 65. Rb3 Be5 66. Rb7 Bc7 67. Rxc7 h3 68. Rg7# 1-0


[Site "https://www.chess.com"]

[Event "Titled Tuesday Blitz July 11 Late 2023"]
[White "Matt, Fabian"]
[Black "Lizak, Peter"]
[WhiteFideId "1623303"]
[BlackFideId "731595"]
[WhiteElo "2441"]
[BlackElo "2585"]
[Result "1-0"]
[Round "5"]
[TimeControl "180+2"]
[Date "2023.07.11"]
[WhiteClock "0:00:16"]
[BlackClock "0:00:00"]
[Board "81"]

1. d4 Nf6 2. c4 c5 3. Nf3 cxd4 4. Nxd4 e5 5. Nc2 d5 6. cxd5 Qxd5 7. Qxd5 Nxd5 8. g3 Nc6 9. Bg2 Ndb4 10. Nxb4 Nxb4 11. Na3 Rb8 12. Be3 a6 13. O-O Be6 14. Rfc1 Bd6 15. Ba7 Ra8 16. Bc5 Bxc5 17. Rxc5 O-O 18. Rxe5 Rab8 19. b3 b5 20. Rc5 Rfc8 21. Rxc8+ Rxc8 22. Be4 Bh3 23. f4 f5 24. Bf3 h6 25. Kf2 g5 26. Rd1 g4 27. Bh1 Nxa2 28. Rd6 Rc1 29. Bd5+ Kf8 30. Rxa6 Nb4 31. Ra8+ Ke7 32. Bg2 Rc3 33. Nxb5 Rxb3 34. Nd4 Rb2 35. Bxh3 gxh3 36. Nxf5+ Kf6 37. Nxh6 Nd3+ 38. Ke3 Nc1 39. Ng4+ Kf5 40. Ne5 Rxe2+ 41. Kf3 Rxh2 42. Ra6 1-0


[Site "https://www.chess.com"]

[Event "Titled Tuesday Blitz July 11 Late 2023"]
[White "Miguelitro69"]
[Black "Sztokbant, Bernardo Vainzoff"]
[BlackFideId "2115956"]
[WhiteElo "2581"]
[BlackElo "2438"]
[Result "0-1"]
[Round "5"]
[TimeControl "180+2"]
[Date "2023.07.11"]
[WhiteClock "0:00:24"]
[BlackClock "0:00:15"]
[Board "82"]

1. e4 e6 2. Qe2 d5 3. exd5 Qxd5 4. Nc3 Qd8 5. b3 Nf6 6. Bb2 Be7 7. O-O-O Nc6 8. Nf3 b6 9. Kb1 Bb7 10. d4 O-O 11. g4 Bb4 12. Nb5 a6 13. Na3 Qe7 14. Nc4 b5 15. Nce5 Nxe5 16. dxe5 Nd5 17. Rxd5 Bxd5 18. Rg1 Rfd8 19. h4 Qc5 20. h5 Bc3 21. Bc1 Bxf3 22. Qxf3 Bxe5 23. Bb2 Bxb2 24. Kxb2 Qd5 25. Qh3 Qd4+ 26. Kb1 Qxf2 27. Rh1 Rd1+ 28. Kb2 Qd4+ 29. c3 Qd2+ 30. Ka3 a5 31. Qf3 Qc1# 0-1


[Site "https://www.chess.com"]

[Event "Titled Tuesday Blitz July 11 Late 2023"]
[White "Kaplan, Avi Harrison"]
[Black "Geivondian, Arman"]
[WhiteFideId "30934559"]
[BlackFideId "24102032"]
[WhiteElo "2438"]
[BlackElo "2570"]
[Result "1-0"]
[Round "5"]
[TimeControl "180+2"]
[Date "2023.07.11"]
[WhiteClock "0:01:02"]
[BlackClock "0:02:03"]
[Board "83"]

1. Nf3 Nf6 2. g3 c5 3. Bg2 Nc6 4. O-O d5 5. d3 e5 6. c4 dxc4 7. dxc4 Qxd1 8. Rxd1 Be6 9. Na3 a6 10. Bg5 Be7 11. b3 O-O 12. Nc2 h6 13. Bc1 Rad8 14. Bb2 Nd4 15. Nfxd4 exd4 16. Bxb7 a5 17. Bg2 Rb8 18. Na3 a4 19. Nb5 axb3 20. axb3 Rxb5 21. cxb5 Bxb3 22. Rdc1 Rd8 23. b6 c4 24. b7 c3 25. Bxc3 dxc3 26. Rxc3 Be6 27. Ra8 Kh7 28. Rxd8 Bxd8 29. b8=Q Be7 30. Rc7 Bd6 31. Qb1+ g6 32. Rc6 Bf8 33. Qb7 Ba2 34. Rxf6 1-0


[Site "https://www.chess.com"]

[Event "Titled Tuesday Blitz July 11 Late 2023"]
[White "Pinheiro, Iung Alicio de O."]
[Black "Srdanovic, Jovana"]
[WhiteFideId "2104350"]
[BlackFideId "954810"]
[WhiteElo "2567"]
[BlackElo "2435"]
[Result "1-0"]
[Round "5"]
[TimeControl "180+2"]
[Date "2023.07.11"]
[WhiteClock "0:00:22"]
[BlackClock "0:00:05"]
[Board "84"]

1. d4 Nf6 2. c4 e6 3. Nc3 Bb4 4. e3 Bxc3+ 5. bxc3 O-O 6. Bd3 d5 7. cxd5 exd5 8. Qc2 h6 9. Nf3 c6 10. c4 Re8 11. O-O Nbd7 12. a4 dxc4 13. Bxc4 Nb6 14. Bb3 Be6 15. a5 Bxb3 16. Qxb3 Nbd5 17. Qxb7 Qd6 18. Ba3 Qe6 19. Rac1 Rab8 20. Qxc6 Qxc6 21. Rxc6 Rb3 22. Bc5 Rb5 23. a6 Nb4 24. Bxb4 Rxb4 25. Rfc1 Ra4 26. h3 Nd5 27. Ne5 f6 28. Nd3 Ra3 29. Rd1 Kf7 30. Rc5 Nc3 31. Re1 Rb8 32. Rc7+ Kg6 33. Rxa7 Nb5 34. Nf4+ Kf5 35. Rb7 Ra8 36. Rxb5+ Ke4 37. f3# 1-0


[Site "https://www.chess.com"]